 Dungeon Crawl Stone Soup version 0.18.1-48-g4cf74bf (console) character file.

532190 Homage the Hoplite (level 25, -1/238 HPs)
             Began as a Minotaur Fighter on July 20, 2016.
             Was the Champion of Okawaru.
             Slain by a salamander
             ... wielding a +0 trident
              (5 damage)
             ... on level 4 of the Abyss on July 21, 2016.
             The game lasted 05:28:39 (56398 turns).

Homage the Hoplite (Minotaur Fighter)              Turns: 56398, Time: 05:28:39

Health: -1/238     AC: 37    Str: 27 (28) XL:     25   Next: 0%
Magic:  26/32      EV: 17    Int: -2 (4)  God:    Okawaru [******]
Gold:   5787       SH: 34    Dex: 13      Spells: 0 memorised, 24 levels left

rFire  + + +     SeeInvis +     a - +9 broad axe (vamp) {!d!f}
rCold  + . .     Gourm    .     Y - +10 plate armour "Luappe" {rElec rF++ rCorr Int-4, !d!f}
rNeg   + . .     Faith    .     E - +8 large shield of Quantum Leap {*Drain rElec Int+3, !d!f}
rPois  +         Spirit   .     (helmet unavailable)
rElec  +         Dismiss  +     q - +2 cloak {MR+} {!d!f}
rCorr  +         Reflect  .     B - +2 pair of gloves {Dex+3} {!d!f}
SustAt .         Harm     .     Z - +2 pair of boots {run} {!d!f}
MR     ++...     Clarity  +     s - amulet of Starshine {Dismiss *Confuse +Blink Str+3, !d!f}
Stlth  .......... Rnd*Tele +    C - ring of Micat {rPois rF+ rN+ MP+9 Stlth-, !d!f}
                                w - ring "Axomar" {+Fly rC+ SInv, !d!f}

@: very slightly contaminated, non-regenerating, badly diseased, slowed, lost
intelligence, very slow, very resistant to hostile enchantments, extremely
unstealthy
A: retaliatory headbutt, horns 3, blurry vision 2, clarity, clumsy 2, deformed
body, deterioration 2, low mp 2, teleportitis 2, weak 2, wild magic 2,
MP-powered wands
a: Heroism, Finesse, Renounce Religion, Evoke Blink, Evoke Flight
}: 2/15 runes: barnacled, gossamer


You were on level 4 of the Abyss.
You worshipped Okawaru.
Okawaru was exalted by your worship.
You were not hungry.

You visited 10 branches of the dungeon, and saw 44 of its levels.
You visited the Abyss 3 times.
You also visited: Ice Cave and Volcano.

You collected 5865 gold pieces.
You spent 78 gold pieces at shops.


Innate Abilities, Weirdness & Mutations

You reflexively headbutt those who attack you in melee.
You have a pair of large horns on your head.
You possess an exceptional clarity of mind.
Your spells are harder to cast, but more powerful.
You expend magic power (3 MP) to strengthen your wands.
[Scrolls take you longer to read.]
[You are very clumsy. (Dex -4)]
[Armour fits poorly on your strangely shaped body.]
[Your body often deteriorates upon taking damage.]
[Your magical capacity is very low (-20% MP).]
[You are sometimes teleported next to monsters.]
[You are very weak. (Str -4)]


   Skills:
 - Level 22.0 Fighting
 - Level 18.4 Axes
 - Level 22.0 Armour
 + Level 18.2 Dodging
 - Level 25.0 Shields
 - Level 8.0 Invocations
 - Level 10.0 Evocations


You had 24 spell levels left.
You didn't know any spells.

Inventory:

Hand Weapons
 a - a +9 vampiric broad axe (weapon) {!d!f}
Missiles
 e - 7 silver tomahawks
 r - 84 tomahawks (quivered)
Armour
 q - a +2 cloak of magic resistance (worn) {!d!f}
 B - a +2 pair of gloves of dexterity (worn) {!d!f}
 E - the +8 large shield of Quantum Leap (worn) {*Drain rElec Int+3, !d!f}
   (Okawaru gifted it to you on level 4 of the Spider Nest)

   It affects your intelligence (+3).
   It insulates you from electricity.
   It causes draining when unequipped.
 Y - the +10 plate armour "Luappe" (worn) {rElec rF++ rCorr Int-4, !d!f}
   (You found it on level 7 of the Lair of Beasts)

   It affects your intelligence (-4).
   It greatly protects you from fire.
   It insulates you from electricity.
   It protects you from acid and corrosion.
 Z - a +2 pair of boots of running (worn) {!d!f}
Jewellery
 s - the amulet of Starshine (around neck) {Dismiss *Confuse +Blink Str+3, !d!f}
   (You took it off a deep elf master archer on level 3 of the Elven Halls)

   [amulet of dismissal]

   It may teleport away creatures that harm you.
   It affects your strength (+3).
   It lets you blink.
   It may confuse you when you take damage.
 w - the ring "Axomar" (left hand) {+Fly rC+ SInv, !d!f}
   (You found it in an ice cave)

   [ring of protection from cold]

   It protects you from cold.
   It lets you see invisible.
   It lets you fly.
 C - the ring of Micat (right hand) {rPois rF+ rN+ MP+9 Stlth-, !d!f}
   (You took it off a deep elf sorcerer on level 2 of the Elven Halls)

   [ring of poison resistance]

   It protects you from fire.
   It protects you from poison.
   It protects you from negative energy.
   It affects your magic capacity (+9).
   It makes you less stealthy.
Wands
 k - a wand of hasting (5/9) {!*}
 v - a wand of disintegration (8/24)
 z - a wand of digging (12/24)
 T - a wand of heal wounds (0/9) {!*}
Scrolls
 c - 4 scrolls of summoning
 i - 17 scrolls of teleportation
 m - 10 scrolls of identify
 n - 2 scrolls of magic mapping
 u - 4 scrolls of fear
 x - 7 scrolls of remove curse
 A - 5 scrolls of blinking
 K - 6 scrolls of recharging
 P - 2 scrolls of holy word
 R - 4 scrolls of immolation
Potions
 d - 4 potions of might
 G - 3 potions of resistance
 H - 3 potions of agility
 Q - 4 potions of cancellation
 S - 5 potions of curing
Miscellaneous
 g - a legendary deck of escape {drawn: 1}
 j - the horn of Geryon
 p - 2 phantom mirrors
 t - a fan of gales
Comestibles
 f - 11 bread rations
 h - 48 fruits
 D - 18 meat rations
 J - 11 slices of pizza


Message History

You blink.
You feel slightly more hungry.
The salamander is engulfed in seething chaos.
The salamander is healed somewhat.
The salamander is engulfed in seething chaos.
The apocalypse crab is engulfed in seething chaos.
The wind howls around the apocalypse crab!
You block the salamander's attack. You block the salamander's attack. x2
A vampire comes into view.
The salamander closely misses you. You block the salamander's attack.
You feel ill. You block the salamander's attack. x2
You feel ill. You block the salamander's attack. x2
The salamander completely misses you. You block the salamander's attack.
The salamander completely misses you.
Your hands slow down.
The salamander stormcaller heats up noticeably.
You feel ill.
The salamander hits you from afar with a trident.
You die...

.## .. .. ##
#. #### .#.##
.. ....
..#.#.# #..##
#....# ## #.V
#...# #.
.##..######@#
..#.#
#...##.N.#.#
¤¤.. #
#....VxN.#.#
...
#..##.#.#####.
t..## #####t##
. #¤. .#
..##N.#N### #
...#
vN.#....#.##.
.### . .#
###.### . . #
#...## # .


You could see a salamander stormcaller, 2 salamanders, an ancient zyme, an
apocalypse crab and a vampire.

Vanquished Creatures
  3 ancient liches
  3 juggernauts
  Norris (Spider:4)
  3 caustic shrikes (Depths:2)
  Saint Roka (Depths:2)
  A golden dragon (Depths:5)
  Geryon (Hell)
  3 bone dragons
  Arachne (Spider:4)
  Nikola (Depths:1)
  Jory (Depths:4)
  5 liches
  Rupert (Lair:7)
  6 deep elf blademasters
  A titan (Depths:4)
  2 deep elf master archers (Elf:3)
  The ghost of SavageBastard the Warrior, an adept MiBe of Trog (Shoals:4)
  Murray (Hell)
  4 quicksilver dragons
  2 krakens (Shoals:1)
  A sphinx (Depths:5)
  Polyphemus (Shoals:2)
  5 tentacled starspawn (Abyss:4)
  A shadow dragon (Depths:3)
  A tengu reaver (Depths:3)
  Ilsuiw (Shoals:4)
  Roxanne (Spider:1)
  Wiglaf (Spider:4)
  A draconian knight (Depths:5)
  4 fire giants
  6 ghost moths
  9 deep elf sorcerers
  An iron dragon (Depths:4)
  Maud (D:13)
  A frost giant (IceCv)
  4 deep elf elementalists
  6 emperor scorpions
  2 cacodemons (Hell)
  Louise (Spider:4)
  An orc warlord (Orc:2)
  2 balrugs
  Aizul (Shoals:3)
  A war gargoyle (Depths:3)
  An angel (Abyss:4)
  A vampire knight (Depths:1)
  4 reapers
  A draconian caller (Depths:5)
  15 stone giants
  26 very ugly things
  4 deep elf demonologists
  2 green draconians (Depths:5)
  A dire elephant (Abyss:4)
  2 white draconians (Depths:5)
  3 salamander stormcallers (Hell)
  9 spark wasps
  5 deep elf annihilators (Elf:3)
  A yellow draconian (Depths:5)
  A purple draconian (Depths:5)
  A lorocyproca (Depths:4)
  2 mottled draconians
  3 fire dragons
  Snorg (Orc:1)
  The ghost of Blomdor the Cleaver, a journeyman FoBe of Trog (Orc:2)
  10 ettins
  2 merfolk javelineers (Shoals:4)
  6 deep elf death magi
  5 jiangshi (Depths:5)
  9 merfolk impalers
  3 blizzard demons
  4 vault guards (D:13)
  A kraken zombie (Hell)
  8 deep elf high priests
  4 great orbs of eyes
  6 hydras
  A naga warrior (Abyss:4)
  Erolcha (D:11)
  4 yaktaur captains
  7 rakshasas
  Josephine (Lair:8)
  3 ice dragons
  8 entropy weavers
  Erica (D:8)
  4 merfolk aquamancers
  2 catoblepae
  A spriggan air mage (Depths:2)
  11 ogre magi
  4 merfolk avatars
  6 centaur warriors
  An alligator snapping turtle (Shoals:2)
  27 dancing weapons
  3 orc high priests
  4 satyrs
  8 deep troll shamans
  3 spriggan berserkers
  3 vampire magi
  3 deep troll earth magi
  7 tengu warriors
  11 death yaks
  18 thrashing horrors
  19 deep elf knights
  11 sun demons
  6 wretched stars (Abyss:4)
  2 soul eaters
  A storm dragon zombie (Hell)
  6 slime creatures
  A fire crab (Lair:8)
  2 skeletal warriors (Depths:3)
  5 hell knights (Depths:1)
  A shadow wraith (Depths:2)
  A ghost moth zombie (Abyss:4)
  A spark wasp zombie (Hell)
  11 sea snakes
  4 spatial maelstroms (Abyss:4)
  5 iron trolls
  12 deep trolls
  A death drake (Depths:3)
  A giant orange brain (Depths:1)
  A sea snake (shapeshifter) (Depths:5)
  10 hill giants
  2 tengu zombies (Hell)
  A kraken simulacrum (Hell)
  An infernal demonspawn (Depths:4)
  5 flayed ghosts (Depths:3)
  2 orange crystal statues (Depths:3)
  13 deep elf archers
  4 unseen horrors
  An anaconda zombie (Hell)
  2 spectral hydras (Depths:3)
  An iron dragon zombie (Hell)
  A phantasmal warrior (Depths:3)
  5 necromancers
  3 orc knights
  4 orc sorcerers
  13 orb spiders
  5 hornets
  A golden dragon skeleton (Depths:2)
  26 wolf spiders
  23 ugly things
  9 harpies
  5 lindwurms
  9 wizards
  5 griffons
  A stone giant zombie (Hell)
  A cyclops (D:13)
  2 mana vipers (Depths:3)
  A shadow dragon skeleton (Abyss:4)
  An oklob plant (Lair:3)
  A salamander (Depths:4)
  48 deep elf magi
  9 manticores
  34 fauns
  3 sixfirhies
  2 moths of wrath
  18 sirens
  2 worldbinders (Abyss:4)
  2 apocalypse crabs (Abyss:4)
  An elephant (shapeshifter) (Depths:4)
  2 guardian serpents
  A frost giant skeleton (Depths:2)
  Maurice (Orc:1)
  12 elephants
  3 ice statues
  A black mamba (shapeshifter) (Abyss:4)
  3 molten gargoyles
  2 guardian serpents (shapeshifter)
  4 water nymphs
  2 torpor snails
  4 orange demons
  23 spiny frogs
  2 gargoyles
  9 black mambas
  3 smoke demons
  2 naga magi
  4 rust devils
  A hellion (Hell)
  A freezing wraith (Depths:3)
  3 efreet
  11 large abominations
  9 komodo dragons
  A yaktaur (Depths:5)
  A tormentor (Abyss:4)
  5 spectral merfolk (Depths:3)
  A hellwing (Abyss:4)
  2 kobold demonologists (D:9)
  3 rime drakes
  2 red devils
  5 ancient zymes
  4 demonic crawlers
  A queen bee (Lair:5)
  A tengu conjurer (Depths:4)
  4 ice devils
  32 merfolk
  A harpy zombie (D:15)
  A wolf spider simulacrum (D:14)
  7 trolls
  38 jumping spiders
  2 hydra zombies (Hell)
  A giant leech (shapeshifter) (D:11)
  3 wind drakes
  15 polar bears
  3 two-headed ogres
  27 raiju
  23 blink frogs
  A merfolk (shapeshifter) (Depths:5)
  4 giant leeches (Spider:3)
  7 boulder beetles
  7 snapping turtles
  A fire dragon zombie (Abyss:4)
  An alligator zombie (Hell)
  An ettin zombie (Hell)
  82 redbacks
  6 air elementals
  A flying skull (Abyss:4)
  8 small abominations
  16 water elementals
  6 shadows
  13 wraiths
  4 vampires (Depths:3)
  A yak (shapeshifter) (Depths:2)
  27 tarantellas
  A ynoxinul (Abyss:4)
  13 wyverns
  46 yaks
  3 basilisks
  9 fire elementals
  2 golden eyes (Abyss:4)
  18 hippogriffs
  A hungry ghost (D:8)
  The ghost of CatHerder the Conjurer, an amateur DrCj (D:4)
  2 chaos spawn (Abyss:4)
  4 spatial vortices (Abyss:4)
  13 wargs
  A mottled dragon (D:11)
  A naga (Abyss:4)
  A soldier ant (D:11)
  5 hell hounds
  13 porcupines
  2 spectral trolls (Depths:3)
  3 hydra simulacra
  4 spectral spriggans (Depths:3)
  25 water moccasins
  2 giant eyeballs
  48 orc warriors
  4 phantoms
  4 ice beasts
  2 black bears
  A spiny frog skeleton (Hell)
  4 sky beasts
  8 wasps
  2 eyes of draining
  A necrophage (D:10)
  25 starcursed masses (Abyss:4)
  26 ogres
  7 boggarts
  20 wolves
  17 centaurs
  19 crocodiles
  An elf simulacrum (Depths:2)
  The ghost of contrafett the Covered, an amateur GrFi (D:3)
  2 big kobolds
  8 elf zombies
  A yaktaur zombie (Hell)
  3 earth elementals
  29 giant frogs
  A wyvern zombie (D:7)
  A spiny frog simulacrum (Hell)
  A water moccasin zombie (D:10)
  A scorpion (D:4)
  A water moccasin skeleton (D:5)
  3 spectral ogres (Depths:3)
  30 killer bees
  3 spectral nagas (Depths:3)
  14 wights
  3 vampire bats (D:4)
  6 electric eels
  7 crimson imps
  A giant frog zombie (D:12)
  5 jellies
  3 quasits
  A wyvern simulacrum (D:15)
  6 centaur zombies
  5 hounds
  49 orc wizards
  2 iron imps (Depths:4)
  36 orc priests
  2 centaur skeletons
  3 giant frog skeletons
  11 iguanas
  13 worker ants
  A troll simulacrum (Depths:3)
  8 sheep
  A hound zombie (D:7)
  2 hound skeletons
  13 adders
  10 gnolls
  A howler monkey skeleton (D:5)
  75 river rats
  11 shadow imps
  17 white imps
  3 ufetubi
  3 oozes
  An adder zombie (D:5)
  3 adder skeletons
  2 worms
  2 dart slugs
  3 giant geckos
  153 orcs
  3 bat skeletons (D:4)
  3 bat zombies (D:4)
  6 giant cockroaches
  11 goblins
  5 hobgoblins
  10 jackals
  7 quokkas
  A ball python (D:3)
  14 bats
  6 giant newts
  2 hobgoblin zombies (D:6)
  A jackal zombie (D:5)
  12 kobolds
  A kobold skeleton (D:6)
  A kobold zombie (D:6)
  2 orc skeletons (D:6)
  4 orc zombies (D:6)
  A quokka skeleton (D:8)
  A quokka zombie (D:9)
  19 rats
  3 fire vortices
  11 fungi
  16 plants
  7 starspawn tentacles (Abyss:4)
  7 tentacles
  A tentacle segment (Shoals:1)
2294 creatures vanquished.

Vanquished Creatures (others)
  A tentacled starspawn (Abyss:5)
  2 deep elf elementalists (Elf:3)
  A salamander stormcaller (Hell)
  An ice dragon (Depths:2)
  A merfolk aquamancer (Shoals:3)
  A wizard (D:15)
  A worldbinder (Abyss:4)
  A water nymph (Abyss:4)
  A demonic crawler (Spider:4)
  An ancient zyme (Abyss:4)
  A redback (Spider:3)
  A hell hound (Depths:3)
  A sky beast (D:5)
  3 wolves (IceCv)
  An orc wizard (D:9)
  A bush (Lair:3)
  10 fungi
  6 lost souls (Hell)
  2 lurking horrors (Abyss:4)
  17 plants
  29 starspawn tentacles
  187 starspawn tentacle segments
  23 tentacles
  537 tentacle segments
830 creatures vanquished.

Grand Total: 3124 creatures vanquished

Notes
Turn   | Place    | Note
--------------------------------------------------------------
     0 | D:1      | Homage the Minotaur Fighter began the quest for the Orb.
     0 | D:1      | Reached XP level 1. HP: 19/19 MP: 0/0
    67 | D:1      | Reached skill level 3 in Axes
   127 | D:1      | Reached XP level 2. HP: 26/26 MP: 1/1
   471 | D:1      | Reached XP level 3. HP: 31/31 MP: 2/2
   684 | D:2      | Found a white marble altar of Elyvilon.
  1185 | D:2      | Reached skill level 1 in Dodging
  1334 | D:3      | Noticed contrafett's ghost (amateur GrFi)
  1348 | D:3      | Killed contrafett's ghost
  1348 | D:3      | Reached skill level 3 in Dodging
  1348 | D:3      | Reached XP level 4. HP: 31/39 MP: 3/3
  1348 | D:3      | Reached XP level 5. HP: 36/45 MP: 4/4
  1832 | D:3      | Found a shattered altar of Ashenzari.
  2434 | D:4      | Reached XP level 6. HP: 37/51 MP: 5/5
  2438 | D:4      | Got a pair of ichor-stained boots
  2444 | D:4      | Identified the +1 pair of boots of the Mind {Dex+4} (You found it on level 4 of the Dungeon)
  2492 | D:4      | Noticed a sky beast
  2505 | D:4      | Killed a sky beast
  2511 | D:4      | Gained mutation: You have a pair of large horns on your head. [mutagenic meat]
  2512 | D:4      | Gained mutation: Your spells are a little harder to cast, but a little more powerful. [mutagenic meat]
  2514 | D:4      | Gained mutation: Potions and wands are less effective at restoring your health. [mutagenic meat]
  2524 | D:4      | Noticed an orc warrior
  2536 | D:4      | Killed an orc warrior
  2536 | D:4      | Reached skill level 6 in Armour
  2546 | D:4      | Reached XP level 7. HP: 56/57 MP: 6/6
  2586 | D:4      | Found an ancient bone altar of Kikubaaqudgha.
  2814 | D:4      | Noticed CatHerder's ghost (amateur DrCj)
  2829 | D:4      | Killed CatHerder's ghost
  2919 | D:4      | Found a bloodstained altar of Trog.
  2990 | D:4      | Reached skill level 6 in Fighting
  3110 | D:5      | Entered Level 5 of the Dungeon
  3132 | D:5      | Reached XP level 8. HP: 66/71 MP: 7/7
  3146 | D:5      | Gained mutation: You expend magic power (3 MP) to strengthen your wands. [mutagenic meat]
  3147 | D:5      | Gained mutation: Your spells are harder to cast, but more powerful. [mutagenic meat]
  3263 | D:5      | Reached skill level 4 in Shields
  3491 | D:5      | Reached skill level 5 in Shields
  3514 | D:5      | Gained mutation: Your spells are much harder to cast, but much more powerful. [potion of mutation]
  3514 | D:5      | Lost mutation: Potions and wands are less effective at restoring your health. [potion of mutation]
  3808 | D:5      | Reached skill level 6 in Shields
  3936 | D:5      | Reached skill level 7 in Shields
  3994 | D:6      | Found a glowing golden altar of the Shining One.
  4075 | D:6      | Reached skill level 6 in Axes
  4089 | D:6      | Found a shadowy altar of Dithmenos.
  4151 | D:6      | Found Izofif's Assorted Antiques.
  4161 | D:6      | Bought a silvery potion for 18 gold pieces
  4161 | D:6      | Bought a scroll of remove curse for 60 gold pieces
  4247 | D:6      | Found a staircase to the Ecumenical Temple.
  4280 | Temple   | Entered the Ecumenical Temple
  4386 | D:6      | Found an opulent altar of Gozag.
  4484 | D:6      | Found a deep blue altar of Sif Muna.
  4778 | D:7      | Found an oddly glowing altar of Pakellas.
  4825 | D:7      | Reached XP level 9. HP: 75/79 MP: 8/8
  4972 | D:7      | Found a stormy altar of Qazlal.
  5031 | D:7      | Found a snail-covered altar of Cheibriados.
  5099 | D:7      | Reached skill level 9 in Axes
  5284 | D:7      | Found an iron altar of Okawaru.
  5298 | D:7      | Became a worshipper of Warmaster Okawaru
  5345 | D:8      | Noticed Erica
  5366 | D:8      | Killed Erica
  5366 | D:8      | Reached * piety under Okawaru
  5389 | D:8      | Found a radiant altar of Vehumet.
  5709 | D:8      | Reached skill level 8 in Shields
  5714 | D:8      | Reached XP level 10. HP: 58/86 MP: 9/9
  5729 | D:8      | Reached ** piety under Okawaru
  5884 | D:8      | Reached skill level 9 in Shields
  6008 | D:8      | Gained mutation: [You are clumsy. (Dex -2)] [potion of mutation]
  6181 | D:8      | Lost mutation: Your spells are much harder to cast, but much more powerful. [mutagenic meat]
  6182 | D:8      | Gained mutation: You possess an exceptional clarity of mind. [mutagenic meat]
  6183 | D:8      | Lost mutation: [You are clumsy. (Dex -2)] [mutagenic meat]
  6465 | D:8      | Reached skill level 10 in Shields
  6873 | D:8      | Reached skill level 1 in Invocations
  7236 | D:9      | Reached skill level 3 in Invocations
  7433 | D:9      | Found a basalt altar of Yredelemnul.
  7681 | D:9      | Reached *** piety under Okawaru
  7694 | D:9      | Reached skill level 6 in Invocations
  7870 | D:9      | Found a staircase to the Lair.
  7881 | Lair:1   | Entered Level 1 of the Lair of Beasts
  8210 | Lair:1   | Reached **** piety under Okawaru
  8235 | Lair:1   | Noticed a spiny frog
  8239 | Lair:1   | Reached XP level 11. HP: 80/92 MP: 15/15
  8468 | Lair:1   | Reached skill level 6 in Dodging
  8744 | Lair:2   | Reached ***** piety under Okawaru
  8781 | Lair:2   | Found a dark tunnel.
  8815 | Volcano  | Entered a volcano
  9144 | Lair:2   | Reached skill level 9 in Dodging
  9152 | Lair:2   | Received a gift from Okawaru
  9786 | Lair:3   | Reached skill level 12 in Armour
  9796 | Lair:3   | Reached XP level 12. HP: 77/100 MP: 15/17
  9979 | Lair:3   | Found a shimmering altar of Xom.
 10156 | Lair:3   | Noticed a death yak
 10159 | Lair:3   | Noticed a death yak
 10175 | Lair:3   | Killed a death yak
 10184 | Lair:3   | Killed a death yak
 10760 | Lair:4   | Found a staircase to the Shoals.
 10773 | Lair:4   | Reached skill level 15 in Armour
 10783 | Lair:4   | Identified Doing's Tome of Icy Evil
 10790 | Shoals:1 | Entered Level 1 of the Shoals
 11066 | Lair:4   | Received a gift from Okawaru
 11067 | Lair:4   | Got a twisted broad axe {god gift}
 11070 | Lair:4   | Identified the +6 broad axe of the Chain {chop, rF+ Int+4 Dex+4} (Okawaru gifted it to you on level 4 of the Lair of Beasts)
 11276 | Lair:4   | Noticed an ice dragon
 11700 | Lair:4   | Killed an ice dragon
 12020 | Lair:5   | Noticed a death yak
 12020 | Lair:5   | Noticed a death yak
 12022 | Lair:5   | Noticed a death yak
 12025 | Lair:5   | Noticed a five-headed hydra
 12181 | Lair:3   | Killed a death yak
 12241 | Lair:3   | Killed a death yak
 12284 | Lair:3   | Killed a five-headed hydra
 12365 | Lair:4   | Reached skill level 12 in Axes
 12386 | Lair:4   | Killed a death yak
 12434 | Lair:5   | Reached XP level 13. HP: 85/105 MP: 18/18
 12475 | Lair:5   | Found a frozen archway.
 12499 | IceCv    | Entered an ice cave
 12541 | IceCv    | Reached ****** piety under Okawaru
 12545 | IceCv    | Received a gift from Okawaru
 12928 | IceCv    | Reached skill level 9 in Fighting
 13153 | IceCv    | Noticed a frost giant
 13169 | IceCv    | Killed a frost giant
 13355 | IceCv    | Got a sparkling ivory ring
 13357 | IceCv    | Identified the ring "Axomar" {+Fly rC+ SInv} (You found it in an ice cave)
 14158 | Lair:5   | Found a hole to the Spider Nest.
 14257 | Lair:5   | Reached skill level 15 in Axes
 14549 | Lair:6   | Received a gift from Okawaru
 14558 | Lair:6   | Got a dazzling war axe {god gift}
 14602 | Lair:6   | Identified the +7 war axe of Dung {venom, +Inv +Fly Stlth+} (Okawaru gifted it to you on level 6 of the Lair of Beasts)
 14674 | Lair:6   | Got a twisted long sword
 14675 | Lair:6   | Identified the +4 long sword "Dragonbane" {slice, rN+ Str+4} (You found it on level 6 of the Lair of Beasts)
 14861 | Lair:6   | Reached XP level 14. HP: 102/121 MP: 19/19
 15545 | Lair:7   | Got a steaming plate armour
 15556 | Lair:7   | Identified the +10 plate armour "Luappe" {rElec rF++ rCorr Int-4} (You found it on level 7 of the Lair of Beasts)
 15714 | Lair:7   | Received a gift from Okawaru
 15753 | Lair:7   | Found a staircase to the Slime Pits.
 15763 | Lair:7   | Found a viscous altar of Jiyva.
 15785 | Slime:1  | Entered Level 1 of the Pits of Slime
 15822 | Lair:7   | Noticed Rupert
 15837 | Lair:7   | Killed Rupert
 17419 | Lair:8   | Entered Level 8 of the Lair of Beasts
 17573 | Lair:8   | Reached skill level 18 in Axes
 17703 | Lair:8   | Noticed Josephine
 17718 | Lair:8   | Killed Josephine
 18170 | Lair:8   | Reached skill level 11 in Shields
 18271 | Lair:8   | Received a gift from Okawaru
 18375 | Lair:8   | Reached skill level 12 in Shields
 18894 | Spider:1 | Entered Level 1 of the Spider Nest
 18909 | Spider:1 | Got a smoking long sword
 18920 | Lair:5   | Identified the +2 long sword "Anudaq" {slice, rF+} (You found it on level 1 of the Spider Nest)
 18998 | Spider:1 | Reached XP level 15. HP: 125/126 MP: 20/20
 19061 | Spider:1 | Reached skill level 13 in Shields
 19288 | Spider:1 | Received a gift from Okawaru
 19305 | Spider:1 | Reached skill level 14 in Shields
 19469 | Spider:1 | Noticed a ghost moth
 19491 | Spider:1 | Killed a ghost moth
 19780 | Spider:1 | Received a gift from Okawaru
 19780 | Spider:1 | Reached skill level 15 in Shields
 19781 | Spider:1 | Got a warped chain mail {god gift}
 19807 | Spider:1 | Identified the +4 chain mail "Kaig" {Str+4} (Okawaru gifted it to you on level 1 of the Spider Nest)
 20091 | Spider:1 | Noticed Roxanne
 20237 | Spider:1 | Killed Roxanne
 20331 | Spider:2 | Noticed a ghost moth
 20341 | Spider:1 | Killed a ghost moth
 20706 | Spider:2 | Noticed a ghost moth
 20717 | Spider:2 | Killed a ghost moth
 21870 | Spider:3 | Received a gift from Okawaru
 22259 | Spider:3 | Reached XP level 16. HP: 132/136 MP: 21/21
 22716 | Spider:4 | Entered Level 4 of the Spider Nest
 22767 | Spider:4 | Noticed Arachne
 22810 | Spider:4 | Killed Arachne
 22810 | Spider:4 | Received a gift from Okawaru
 22810 | Spider:4 | Reached skill level 12 in Fighting
 22933 | Spider:4 | Noticed Louise
 23137 | Spider:4 | Killed Louise
 23607 | Spider:4 | Received a gift from Okawaru
 23659 | Spider:4 | Got a distressingly furry large shield {god gift}
 23670 | Spider:4 | Identified the +8 large shield of Quantum Leap {*Drain rElec Int+3} (Okawaru gifted it to you on level 4 of the Spider Nest)
 23720 | Spider:4 | Reached skill level 15 in Fighting
 23864 | Spider:4 | Noticed Wiglaf
 23865 | Spider:4 | Noticed Norris
 23876 | Spider:4 | Killed Wiglaf
 23883 | Spider:4 | Paralysed by Norris for 5 turns
 23897 | Spider:4 | Killed Norris
 23899 | Spider:4 | Got a faintly humming shield
 23956 | Spider:4 | Identified the +4 shield of Generosity {rF+} (You took it off Wiglaf on level 4 of the Spider Nest)
 24265 | Spider:4 | Got a gossamer rune of Zot
 25212 | Shoals:1 | Reached skill level 16 in Shields
 25443 | Shoals:1 | Noticed a kraken
 25450 | Shoals:1 | Killed a kraken
 25612 | Shoals:1 | Received a gift from Okawaru
 26000 | Shoals:1 | Noticed a kraken
 26011 | Shoals:1 | Killed a kraken
 26011 | Shoals:1 | Reached XP level 17. HP: 140/156 MP: 22/22
 26218 | Shoals:2 | Got a crystal great sword
 26268 | Shoals:2 | Identified the +8 great sword of Cowardice {slice, +Blink rPois Stlth-} (You found it on level 2 of the Shoals)
 26338 | Shoals:2 | Reached skill level 17 in Shields
 26541 | Shoals:2 | Identified the Papyrus of Attacks and Enchantment (You found it on level 2 of the Shoals)
 26622 | Shoals:2 | Noticed Polyphemus
 26641 | Shoals:2 | Killed Polyphemus
 26643 | Shoals:2 | Reached skill level 18 in Shields
 26735 | Shoals:2 | Found a shadowy altar of Dithmenos.
 27528 | Shoals:3 | Noticed Aizul
 27548 | Shoals:3 | Killed Aizul
 27658 | Shoals:3 | Received a gift from Okawaru
 27835 | Shoals:3 | Reached skill level 12 in Dodging
 28343 | Shoals:4 | Entered Level 4 of the Shoals
 28499 | Shoals:4 | Noticed Ilsuiw
 28517 | Shoals:4 | Killed Ilsuiw
 28659 | Shoals:4 | Noticed SavageBastard's ghost (adept MiBe)
 28688 | Shoals:4 | Killed SavageBastard's ghost
 28736 | Shoals:4 | Got a smoking platinum ring
 28770 | Shoals:4 | Got an ichor-stained leather armour
 28791 | Shoals:4 | Identified the +2 leather armour of Cheibriados's Scorn {rC+} (You found it on level 4 of the Shoals)
 28802 | Shoals:4 | Identified the ring "Ithrur Vaech" {Wiz MR+ Dex+4} (You found it on level 4 of the Shoals)
 28836 | Shoals:4 | Got an encrusted mace
 28841 | Shoals:4 | Identified the cursed +0 mace of Dividends {drain, MR+ Str+5} (You found it on level 4 of the Shoals)
 28931 | Shoals:4 | Reached XP level 18. HP: 154/163 MP: 23/23
 29036 | Shoals:4 | Got a smoking brass ring
 29051 | Shoals:4 | Identified the ring of Sahile {rCorr rElec MP+9} (You found it on level 4 of the Shoals)
 29250 | Shoals:4 | Got a barnacled rune of Zot
 29287 | Shoals:4 | Reached skill level 15 in Dodging
 29332 | Shoals:4 | Received a gift from Okawaru
 29341 | Shoals:4 | Got a brightly glowing longbow {god gift}
 29345 | Shoals:4 | Identified the +0 longbow "Hell-Harrower" {velocity, Int+4 SInv} (Okawaru gifted it to you on level 4 of the Shoals)
 30665 | D:10     | Entered Level 10 of the Dungeon
 31470 | D:11     | Found a snail-covered altar of Cheibriados.
 31470 | D:11     | Found an opulent altar of Gozag.
 31752 | D:11     | Found a staircase to the Orcish Mines.
 31847 | D:11     | Noticed Erolcha
 31856 | D:11     | Killed Erolcha
 33246 | Orc:1    | Entered Level 1 of the Orcish Mines
 33332 | Orc:1    | Noticed Snorg
 33332 | Orc:1    | Received a gift from Okawaru
 33333 | Orc:1    | Got a steaming chain mail {god gift}
 33347 | Orc:1    | Killed Snorg
 33395 | Orc:1    | Identified the +2 chain mail "Jychumyo" {+Blink rElec Str-3 Slay+2} (Okawaru gifted it to you on level 1 of the Orcish Mines)
 33600 | Orc:2    | Entered Level 2 of the Orcish Mines
 33680 | Orc:2    | Noticed Blomdor's ghost (journeyman FoBe)
 33701 | Orc:2    | Killed Blomdor's ghost
 33842 | Orc:2    | Found a roughly hewn altar of Beogh.
 33842 | Orc:2    | Found Yzui's Antique Weapon Shoppe.
 34016 | Orc:2    | Found a staircase to the Elven Halls.
 34166 | Orc:2    | Found a roughly hewn altar of Beogh.
 34166 | Orc:2    | Found Facaimaz's Antique Weapon Shop.
 34170 | Orc:2    | Found Nocwad's Antique Armour Boutique.
 34324 | Orc:2    | Found a roughly hewn altar of Beogh.
 34424 | Orc:2    | Found a roughly hewn altar of Beogh.
 34474 | Orc:2    | Found a roughly hewn altar of Beogh.
 34541 | Orc:2    | Found a roughly hewn altar of Beogh.
 34542 | Orc:2    | Found Seabbef's Book Emporium.
 34696 | Elf:1    | Entered Level 1 of the Elven Halls
 34890 | Elf:1    | Found Uhelintu's Jewellery Emporium.
 35518 | Elf:1    | Reached skill level 18 in Fighting
 35567 | Elf:1    | Identified Kikubaaqudgha's Collected Works on Evil (You found it on level 1 of the Elven Halls)
 36080 | Elf:2    | Found a runed gate.
 36081 | Elf:2    | Found a runed gate.
 36082 | Elf:2    | Found a runed gate.
 36274 | Elf:2    | Reached XP level 19. HP: 155/182 MP: 24/24
 36538 | Elf:2    | Received a gift from Okawaru
 36833 | Elf:3    | Entered Level 3 of the Elven Halls
 36837 | Elf:3    | Reached skill level 18 in Armour
 36986 | Elf:3    | Found Ruihyl's Gadget Emporium.
 37089 | Elf:3    | Noticed a Tzitzimitl
 37401 | Elf:3    | HP: 18/182 [deep elf sorcerer/damnation (44)]
 37643 | Elf:2    | Got a crude granite ring
 37647 | Elf:2    | Identified the ring of Micat {rPois rF+ rN+ MP+9 Stlth-} (You took it off a deep elf sorcerer on level 2 of the Elven Halls)
 38219 | Elf:2    | Received a gift from Okawaru
 38774 | Elf:3    | Got an aquamarine-encrusted leather armour
 38796 | Elf:2    | Identified the +1 leather armour of Taesucs {Int+3 Stlth+} (You took it off a deep elf blademaster on level 3 of the Elven Halls)
 39257 | Elf:3    | Got a twitching garnet amulet
 39262 | Elf:3    | Identified the amulet of Starshine {Dismiss *Confuse +Blink Str+3} (You took it off a deep elf master archer on level 3 of the Elven Halls)
 39516 | Orc:1    | Noticed Maurice
 39522 | Orc:1    | Killed Maurice
 40451 | Elf:3    | Got an uncursed ancient glaive {pain}
 40452 | Elf:3    | Identified the +6 glaive of Ephex {pain, rF+ Int+3} (You took it off a deep elf archer on level 3 of the Elven Halls)
 40512 | Elf:3    | Reached XP level 20. HP: 191/191 MP: 25/25
 40608 | Elf:3    | Identified the Grimoire of Igneous Toxins (You found it on level 3 of the Elven Halls)
 40698 | Elf:3    | Got a faintly glowing cloak
 40709 | Elf:3    | Identified the cursed +0 cloak "Duint" {rElec Int+2} (You found it on level 3 of the Elven Halls)
 40815 | Elf:3    | Got a bloodstained spear {flame}
 40816 | Elf:3    | Identified the cursed +2 spear of Beogh's Supremacy {flame, rN+ MR+ MP+9} (You took it off a deep elf annihilator on level 3 of the Elven Halls)
 42183 | D:13     | Found a sacrificial altar of Ru.
 42239 | D:13     | Noticed Maud
 42250 | D:13     | Killed Maud
 42548 | D:13     | Found a gate to the Vaults.
 42741 | D:13     | Reached skill level 1 in Evocations
 43465 | D:14     | Reached skill level 3 in Evocations
 44035 | D:15     | Entered Level 15 of the Dungeon
 44241 | D:15     | Received a gift from Okawaru
 44328 | D:15     | Found a staircase to the Depths.
 44567 | D:15     | Cast into level 2 of the Abyss (an ogre mage)
 44587 | D:15     | Escaped the Abyss
 44785 | D:15     | Reached skill level 6 in Evocations
 44984 | Depths:1 | Entered Level 1 of the Depths
 44984 | Depths:1 | Noticed Nikola
 45011 | Depths:1 | Killed Nikola
 45181 | Depths:1 | Paralysed by a giant eyeball for 2 turns
 45189 | Depths:1 | Paralysed by a giant eyeball for 4 turns
 45306 | Depths:1 | Reached skill level 9 in Evocations
 45429 | Depths:1 | Found a gateway to Hell.
 45755 | Depths:1 | Found Poshreug's Quality Used Wands.
 46175 | Depths:2 | Found a gateway to a ziggurat.
 46196 | Depths:2 | Received a gift from Okawaru
 46339 | Depths:2 | Reached skill level 21 in Armour
 46394 | Depths:2 | Noticed Saint Roka
 46405 | Depths:2 | Reached XP level 21. HP: 198/198 MP: 26/26
 46412 | Depths:2 | Killed Saint Roka
 46486 | Depths:2 | Found a one-way gate to the infinite horrors of the Abyss.
 46923 | Depths:2 | Noticed Mara
 47012 | Depths:2 | Found a deep blue altar of Sif Muna.
 47050 | Depths:2 | Noticed an ancient lich
 47060 | Depths:2 | Cast into level 5 of the Abyss (an ancient lich)
 47060 | Abyss:5  | Entered Level 5 of the Abyss
 47166 | Abyss:5  | Reached skill level 19 in Shields
 47236 | Depths:2 | Escaped the Abyss
 47254 | Depths:2 | Killed an ancient lich
 47407 | Depths:2 | Identified the Compendium of Conjuration and Feathers (You found it on level 2 of the Depths)
 47434 | Depths:2 | Identified Ehyjexy's Grimoire of Dusty Ignition (You found it on level 2 of the Depths)
 47476 | Depths:2 | Got a scorched blowgun
 47480 | Depths:2 | Got a brightly glowing long sword
 47484 | Depths:2 | Identified the cursed +3 blowgun of Plague {speed, rPois} (You found it on level 2 of the Depths)
 47486 | Depths:2 | Identified the +6 long sword "Josoc" {slice, +Rage rElec MR-} (You found it on level 2 of the Depths)
 47523 | Depths:2 | Identified the Papyrus of Shifting Enchantment (You found it on level 2 of the Depths)
 48710 | Depths:2 | Reached skill level 20 in Shields
 48810 | Depths:3 | Noticed a caustic shrike
 48810 | Depths:3 | Noticed a caustic shrike
 48810 | Depths:3 | Noticed a caustic shrike
 48829 | Depths:2 | Killed a caustic shrike
 48835 | Depths:2 | Killed a caustic shrike
 48860 | Depths:2 | Killed a caustic shrike
 48860 | Depths:2 | Received a gift from Okawaru
 49270 | Depths:3 | Reached skill level 21 in Shields
 49292 | Depths:3 | HP: 39/196 [flayed ghost/flay_damage (21)]
 49294 | Depths:3 | Noticed an ancient lich
 49309 | Depths:3 | Killed an ancient lich
 49326 | Depths:3 | Found a one-way gate leading to the halls of Pandemonium.
 49363 | Depths:3 | Reached XP level 22. HP: 205/205 MP: 28/28
 49567 | Depths:3 | Reached skill level 22 in Shields
 49837 | Depths:3 | Paralysed by a giant eyeball for 2 turns
 49850 | Depths:3 | Got an encrusted ring mail
 49870 | Depths:3 | Identified the +3 ring mail of Beauty {*Drain rC+++ Dex+6} (You found it on level 3 of the Depths)
 50202 | Hell     | Entered the Vestibule of Hell
 50202 | Hell     | Noticed Geryon
 50203 | Hell     | Noticed Murray
 50308 | Hell     | Gained mutation: [You are weak. (Str -2)] [a cacodemon]
 50309 | Hell     | Killed Geryon
 50315 | Hell     | Received a gift from Okawaru
 50315 | Hell     | Killed Murray
 50366 | Hell     | Noticed an ancient lich
 50424 | Depths:3 | Received a gift from Okawaru
 50425 | Depths:3 | Got a polished cloak {god gift}
 50436 | Depths:3 | Identified the +1 cloak of Ennui {-Tele rF+ Dex+5 Slay+2} (Okawaru gifted it to you on level 3 of the Depths)
 50466 | Depths:3 | Killed an ancient lich
 50466 | Depths:3 | Reached skill level 23 in Shields
 50868 | Hell     | Found a gateway to the ashen valley of Gehenna.
 51357 | Hell     | Found a gateway to the decaying netherworld of Tartarus.
 51409 | Hell     | Found a gateway to the freezing wastes of Cocytus.
 51697 | Hell     | Found a gateway to the Iron City of Dis.
 52134 | Depths:4 | Noticed a juggernaut
 52156 | Depths:4 | Killed a juggernaut
 52156 | Depths:4 | Reached skill level 24 in Shields
 52269 | Depths:4 | Identified the Reference Book on Attacks and the Traveller (You found it on level 4 of the Depths)
 52288 | Depths:4 | Noticed a juggernaut
 52306 | Depths:4 | Killed a juggernaut
 52448 | Depths:4 | Reached skill level 25 in Shields
 52448 | Depths:4 | Reached XP level 23. HP: 213/213 MP: 29/29
 52547 | Depths:4 | Noticed Jory
 52570 | Depths:4 | Killed Jory
 52570 | Depths:4 | Received a gift from Okawaru
 52587 | Depths:4 | Got a spiked ring mail {god gift}
 52598 | Depths:4 | Identified the +0 ring mail "Vaotuamp" {rPois rC- Regen+} (Okawaru gifted it to you on level 4 of the Depths)
 54188 | Depths:5 | Entered Level 5 of the Depths
 54202 | Depths:5 | Reached XP level 24. HP: 187/222 MP: 29/29
 54713 | Depths:5 | Noticed a juggernaut
 54736 | Depths:5 | Killed a juggernaut
 54793 | Depths:5 | Reached skill level 21 in Fighting
 55045 | Depths:5 | Found a gate to the Realm of Zot.
 55195 | Depths:5 | Received a gift from Okawaru
 55322 | Depths:5 | Cast into level 4 of the Abyss (a lich)
 55978 | Abyss:4  | Paralysed by accursed screaming for 1 turns
 56188 | Abyss:4  | Reached skill level 18 in Dodging
 56242 | Abyss:4  | Lost intelligence.
 56257 | Abyss:4  | HP: 68/346 [starcursed mass/accursed screaming (8)]
 56266 | Abyss:4  | HP: 37/231 [starcursed mass/accursed screaming (9)]
 56267 | Abyss:4  | HP: 14/231 [daeva/divine providence (12)]
 56277 | Abyss:4  | HP: 40/231 [daeva/divine providence (12)]
 56354 | Abyss:4  | HP: 40/231 [??? (30)]
 56364 | Abyss:4  | HP: 14/231 [??? (9)]
 56370 | Abyss:4  | Reached XP level 25. HP: 34/238 MP: 20/23
 56379 | Abyss:4  | HP: 21/238 [salamander stormcaller/great blast of fire (13)]
 56384 | Abyss:4  | HP: 4/238 [apocalypse crab/blast of chaos (8)]
 56398 | Abyss:4  | Slain by a salamander

Vault maps used:
D:1:      lightli_arrival_farm, minmay_box_of_dots
D:2:      lemuel_crystal_altar, grunt_ministairs_6
D:3:      cheibrodos_ashenzari_chains, minmay_bisected
D:4:      kennysheep_spiral_hall, kennysheep_vampire_church,
          nicolae_overflow_crystal_walls, first_bread, serial_park_tiny_2
D:5:      kennysheep_nondescript, minmay_misc_feat_room
D:6:      tgw_sif, nicolae_gozag_seed_capital, lemuel_crystal_altar,
          nicolae_tso_besieged_by_evil, temple_hall, st_stairs_11,
          kennysheep_small_circle
D:7:      okawaru_altar_gauntlet_db, marbit_many_paths, grunt_pakellas_sulfur,
          cheibriados_altar_wand_db
D:8:      wad_woods_minihive, nicolae_overflow_hidden_temple,
          serial_co_window_serial, co_window_paths_a, co_window_corner_a,
          co_window_of_opportunity_a, co_window_paths_a, co_window_paths_a,
          co_window_paths_a, co_window_of_opportunity_b, co_window_corner_b,
          co_window_broadway_c, co_window_broadway_a, co_window_2corner,
          co_window_corner_b, glass_columns_a, glass_columns_c, glass_columns_c,
          grunt_pizzeria, st_stairs_8, uniq_erica
D:9:      kennysheep_mini, grunt_lair_entry_orc_guard_hut, minivault_19
D:11:     lemuel_flame_loot_2, erik_orc_3, jmf_multi_god_temple, uniq_erolcha
D:13:     lightli_vaults_fourway_checkpoint, nicolae_ru_awakened_eye, uniq_maud
D:14:     minmay_misc_feat_rugged, fountainhead
D:15:     grunt_enter_depths_magical_seal, roderic_lattice_octagonal_star,
          spider_trap, grunt_decor_arrowhead
Temple:   nicolae_temple_hex_pool
Lair:1:   grunt_megastairs_5, infiniplex_staircase_pool
Lair:2:   enter_volcano_2, lemuel_fruit_fields, grunt_megastairs_3
Lair:3:   lemuel_oklob_altar
Lair:4:   dragon1_lemuel, minmay_shoals_entry_beasts, lemuel_fruit_tree,
          serial_bayou_shore_b, serial_bayou_shore_a, grunt_megastairs_1,
          serial_bayou_shore_b
Lair:5:   spider_nest_entry_webs, portal_ice_cave_entry_imps,
          beast_lair_carwin_4
Lair:6:   nicolae_lair_yak_garden, grunt_megastairs_2
Lair:7:   slime_altar_1, minmay_lindwurm_lava, uniq_rupert
Lair:8:   hangedman_lair_tendril_chambers, uniq_josephine
Shoals:2: lemuel_centaur_altar, uniq_polyphemus
Shoals:3: nicolae_shoals_flooded_hall, uniq_aizul
Shoals:4: shoals_end_grunt_garden, shoal_ilsuiw
Spider:1: nicolae_spider_hall_of_the_moth_king, uniq_roxanne
Spider:3: spider_trap, hangedman_stitches_earthworm
Spider:4: spider_rune_water, uniq_louise, uniq_norris, uniq_arachne, uniq_wiglaf
Orc:1:    uniq_snorg, uniq_maurice
Orc:2:    grunt_orc_community_town_hall, grunt_orc_community_big_house_1,
          grunt_orc_community_big_house_1, grunt_orc_community_house_2,
          grunt_orc_community_house_2, grunt_orc_community_house_2,
          grunt_orc_community_house_3, grunt_orc_community_house_2
Elf:1:    serial_shops, shop, minmay_elf_necromancy
Elf:2:    basic_stair_grate_trap
Elf:3:    minmay_elf_hall_quartered_circle, serial_shops, nicolae_shop_trees
Depths:1: minmay_misc_feat_x, hellmouth_1, nicolae_for_you_no_charge,
          serial_bayou_shore_b, kennysheep_random_hallway, uniq_nikola
Depths:2: evilmike_library_of_no_secrets, enter_ziggurat_b, abyss_entry,
          grunt_hell_entry_dis_mu, minmay_misc_feat_enclosed, spider_trap,
          infiniplex_staircase_zigzag_4, uniq_saint_roka, uniq_mara
Depths:3: lemuel_river_lethe, hell_entry, pan_entry, abyss_entry
Depths:4: minmay_strange_plus, pf_hell_entry_tar_spiral, grunt_pan_entry_spiral,
          hangedman_abyss_entry_splay, uniq_jory
Depths:5: grunt_zot_entry_gee_three, nicolae_abyss_entry_one_way_or_another,
          hell_entry, stair_cage_line
Abyss:2:  evilmike_abyss_exit_1
Abyss:4:  hangedman_abyss_or_decor_jellyfish_corner, evilmike_abyss_exit_kraken,
          grunt_abyss_rune_twisted_forest, evilmike_abyss_exit_2
Abyss:5:  kb_abyss_rune_zappy, hangedman_summoners_spam
IceCv:    ice_cave_caverns_02
Volcano:  volcano_overflow

Action                   |  1- 3 |  4- 6 |  7- 9 | 10-12 | 13-15 | 16-18 | 19-21 | 22-24 | 25-27 || total
-------------------------+-------+-------+-------+-------+-------+-------+-------+-------+-------++-------
Melee: War axe           |    96 |    88 |   296 |   497 |       |       |       |       |       ||   977
       Headbutt          |    14 |    22 |    71 |   160 |   321 |   517 |   474 |   493 |       ||  2072
       Broad axe         |       |       |       |    85 |  1056 |  1714 |  1460 |  1447 |       ||  5762
       Morningstar       |       |       |       |     7 |    24 |       |       |       |       ||    31
       Unarmed           |       |       |       |       |       |       |       |     4 |       ||     4
Throw: Tomahawk          |       |       |       |     3 |    15 |     6 |     9 |       |       ||    33
Invok: Heroism           |       |       |       |     5 |     8 |     9 |     6 |     4 |       ||    32
       Finesse           |       |       |       |     2 |     4 |     8 |     3 |     4 |       ||    21
 Abil: Evoke Flight      |       |       |       |       |     5 |     3 |     2 |     3 |       ||    13
       Evoke Blink       |       |       |       |       |       |       |     1 |     5 |     3 ||     9
Evoke: Wand              |       |       |       |       |       |       |     1 |     9 |       ||    10
       Deck              |       |       |       |       |       |       |       |     1 |       ||     1
  Use: Scroll            |     9 |     1 |     5 |     6 |    14 |    14 |    29 |     1 |       ||    79
       Potion            |     2 |     4 |     2 |     3 |     1 |     3 |     7 |     6 |       ||    28
 Stab: Held in net/web   |       |       |       |       |       |     1 |       |       |       ||     1
       Petrified         |       |       |       |       |       |     4 |       |       |       ||     4
       Distracted        |       |       |       |       |       |       |     1 |       |       ||     1
  Eat: Chunk             |     2 |     7 |    12 |    26 |    23 |    40 |    30 |    12 |       ||   152
       Royal jelly       |       |       |     1 |       |     2 |     3 |     1 |     6 |       ||    13
       Beef jerky        |       |       |       |     2 |     3 |     1 |     3 |       |       ||     9
       Bread ration      |       |       |       |       |     1 |       |     4 |     2 |       ||     7
       Pizza             |       |       |       |       |       |       |       |     1 |       ||     1
Armor: Scale mail        |    27 |     4 |       |       |       |       |       |       |       ||    31
       Chain mail        |       |    16 |       |       |       |       |       |       |       ||    16
       Plate armour      |       |       |   148 |    94 |   367 |   340 |   357 |   293 |     5 ||  1604
       Fire dragon armou |       |       |       |    81 |    46 |       |       |       |       ||   127
Dodge: Dodged            |    46 |    49 |   137 |   365 |   575 |   347 |   408 |   342 |    11 ||  2280
Block: Shield            |    55 |    52 |   188 |   390 |   686 |    77 |       |       |       ||  1448
       Large shield      |       |       |       |       |       |  1758 |  1701 |  1701 |    34 ||  5194
